 Dungeon Crawl Stone Soup version 0.21.1-1-g345015f (webtiles) character file.

158 nicolaieve the Chopper (level 5, -2/70 HPs)
             Began as a Minotaur Berserker on June 10, 2018.
             Was a Believer of Trog.
             Slain by an orc wizard
             ... wielding a +0 dagger
              (3 damage)
             ... on level 3 of the Dungeon.
             The game lasted 00:09:30 (2260 turns).

nicolaieve the Chopper (Minotaur Berserker)         Turns: 2260, Time: 00:09:30

Health: -2/70      AC:  5    Str: 27    XL:     5   Next: 16%
Magic:  4/4        EV: 12    Int:  4    God:    Trog [**....]
Gold:   73         SH:  0    Dex: 10    Spells: 4/4 levels left

rFire    . . .     SeeInvis .   a - +0 hand axe
rCold    . . .     Gourm    .   (no shield)
rNeg     . . .     Faith    .   g - +0 leather armour
rPois    .         Spirit   .   (helmet restricted)
rElec    .         Reflect  .   f - +1 cloak
rCorr    .         Harm     .   (no gloves)
MR       .....                  (no boots)
Stlth    ..........             (no amulet)
HPRegen  0.21/turn              (no ring)
MPRegen  0.09/turn              (no ring)

@: berserking, slowed, drained
A: retaliatory headbutt, horns 2
a: Berserk, Trog's Hand, Burn Spellbooks, Renounce Religion


You were on level 3 of the Dungeon.
You worshipped Trog.
Trog was pleased with you.
You were not hungry.

You visited 1 branch of the dungeon, and saw 3 of its levels.

You collected 73 gold pieces.

Inventory:

Hand Weapons
 a - a +0 hand axe (weapon)
 n - a +4 quarterstaff of chaos
 r - a +2 mace of draining
Missiles
 e - 128 stones (quivered)
Armour
 b - a +0 animal skin
 f - a +1 cloak (worn)
 g - a +0 leather armour (worn)
 q - a +0 cloak
Jewellery
 j - an uncursed ring of resist corrosion {unknown}
 m - an uncursed amulet of the gourmand {unknown}
Scrolls
 d - a scroll of enchant armour {unknown}
 h - 2 scrolls of fog {unknown}
 k - 4 scrolls of identify {unknown}
 l - a scroll of fear {unknown}
 p - 2 scrolls of remove curse {unknown}
Potions
 i - a potion of agility {unknown}
 o - a potion of degeneration {unknown}
Comestibles
 c - 5 rations
 s - 4 chunks of flesh


   Skills:
 + Level 4.7 Fighting
 * Level 5.7 Axes
 + Level 2.8 Armour
 + Level 2.8 Dodging
 + Level 0.2 Stealth


You had 4 spell levels left.
You didn't know any spells.

Dungeon Overview and Level Annotations

Branches:
Dungeon (3/15)

Altars:
Dithmenos
Fedhas


Innate Abilities, Weirdness & Mutations

You reflexively headbutt those who attack you in melee.
You have a pair of horns on your head.


Message History

The orc wizard blinks!
A red film seems to cover your vision as you go berserk!
You feel yourself moving faster!
You feel mighty!
You feel a lot more hungry. Something hits you.
* * * LOW HITPOINT WARNING * * *
The orc wizard gestures at you while chanting.
You feel as though you will be slow longer.
You hear some strange, mumbled words.
A puff of flame appears from out of thin air!
The puff of flame hits you!
* * * LOW HITPOINT WARNING * * *
You feel a strong urge to attack something.
You hear some strange, mumbled words.
A puff of flame appears from out of thin air!
The puff of flame hits you!
* * * LOW HITPOINT WARNING * * *
You closely miss the orc wizard. Your headbutt misses the orc wizard.
The orc wizard is moderately wounded.
The orc wizard hits you with a dagger.
You die...

..............###{..<#.#
..............# ######
..............#
##............+
..............#
..............#
.........######
..............#
......#..@o...#
########.......#
............>..##
..........##+##...
.................#
.................#
.................#
................#
................#


You could see an orc wizard.

Vanquished Creatures
  A scorpion (D:2)
  Crazy Yiuf (D:2)
  2 adders (D:2)
  2 worms
  2 dart slugs
  3 orcs
  2 ball pythons (D:3)
  A giant cockroach (D:1)
  3 goblins
  6 hobgoblins
  8 jackals
  A quokka (D:2)
  6 bats
  A frilled lizard (D:1)
  6 kobolds
  6 rats
51 creatures vanquished.

Notes
Turn   | Place    | Note
-------+----------+-------------------------------------------
     0 | D:1      | nicolaieve the Minotaur Berserker began the quest for the Orb.
     0 | D:1      | Reached XP level 1. HP: 19/19 MP: 0/0
    34 | D:1      | Reached skill level 4 in Axes
    43 | D:1      | Reached XP level 2. HP: 22/27 MP: 1/1
   958 | D:2      | Noticed a scorpion
   997 | D:2      | Reached ** piety under Trog
  1053 | D:2      | Reached XP level 3. HP: 31/33 MP: 2/2
  1422 | D:2      | Found a blossoming altar of Fedhas.
  1595 | D:2      | Killed a scorpion
  1595 | D:2      | Reached skill level 5 in Axes
  1595 | D:2      | Reached XP level 4. HP: 41/41 MP: 3/3
  1637 | D:2      | Found a runed door.
  1641 | D:2      | Noticed Crazy Yiuf
  1647 | D:2      | Killed Crazy Yiuf
  1769 | D:3      | Reached XP level 5. HP: 22/47 MP: 4/4
  1785 | D:2      | HP: 1/47 [orc/club (2)]
  2095 | D:3      | Found a shadowy altar of Dithmenos.
  2259 | D:3      | HP: 1/70 [something/puff of flame (6)]
  2260 | D:3      | Slain by an orc wizard

Skill      XL: |  1  2  3 |
---------------+----------+-----
Axes           | 4 5 |  5.7
Fighting       | 4 |  4.7
Armour         | |  2.8
Dodging        | |  2.8
Stealth        | |  0.2

Action                   |  1- 3 |  4- 6 || total
-------------------------+-------+-------++-------
Melee: Hand axe          |    61 |    72 ||   133
       Headbutt          |    12 |    22 ||    34
Invok: Berserk           |     1 |     1 ||     2
  Eat: Chunk             |     2 |     1 ||     3
       Ration            |       |     1 ||     1
Armor: Leather armour    |    19 |    12 ||    31
Dodge: Dodged            |    46 |    34 ||    80
